[Event "*** Titled Tuesday Blitz"]
[Site "Chess.com"]
[Date "2020.03.03"]
[Round "1"]
[White "Eltaj_Safarli"]
[Black "Mikhail_Golubev"]
[Result "1-0"]
[WhiteElo "3022"]
[BlackElo "2539"]
[TimeControl "180+1"]
[EndTime "9:07:32 PST"]
[Termination "Eltaj_Safarli won on time"]

1. e4 c5 2. Nc3 Nc6 3. Bb5 Nd4 4. Nf3 a6 5. Bd3 Nc6 6. O-O g6 7. Re1 e5 8. Bc4 Bg7 9. d3 Nge7 10. Bg5 h6 11.
Bxe7 Nxe7 12. Nd5 b5 13. Nxe7 Qxe7 14. Bd5 Rb8 15. a4 bxa4 16. Qc1 O-O 17. Rxa4 d6 18. Nd2 Kh7 19. Nc4 f5 20. f4 exf4 21. exf5 Bd4+ 22. Kh1 Qh4 23. fxg6+ Kg7 24. Nd2 Bxb2 25. Qd1 Bc3 26. Rf1 Bg4 27. Nf3 Qf6 28. Rxa6 Qxg6 29.
Be4 Qf6 30. h3 Bh5 31. Qe2 Kh8 32. Qf2 Rg8 33. Nh2 Rg7 34. Qxf4 Qxf4 35. Rxf4 Rb1+ 36. Rf1 Rxf1+ 37. Nxf1 Rf7 38. Ng3 Bd1 39. Nf5 d5 40. Ra8+ Kh7 41. Nd6+ 1-0

[Event "*** Titled Tuesday Blitz"]
[Site "Chess.com"]
[Date "2020.03.03"]
[Round "1"]
[White "sganerdene"]
[Black "karwowskikacper"]
[Result "0-1"]
[WhiteElo "2701"]
[BlackElo "2366"]
[TimeControl "180+1"]
[EndTime "9:07:33 PST"]
[Termination "karwowskikacper won by resignation"]

1. e4 c5 2. Nf3 e6 3. d4 cxd4 4.
Nxd4 Nc6 5. Nc3 a6 6. Be3 Qc7 7. Be2 Nf6 8. O-O Bb4 9. Nxc6 Qxc6 10. Bf3 Bxc3 11. bxc3 Qxc3 12. Qd6 Qc6 13. Qb4 e5 14. Rfd1 a5 15. Qa3 b5 16. Rd6 Qc4 17. Bc5 b4 18. Qe3 O-O 19. Rxf6 gxf6 20. Bxf8 Kxf8 21. Qh6+ Ke7 22.
Qxh7 Bb7 23. Rd1 Qxc2 24. Bh5 Rf8 25. Qf5 d6 26. Bf3 Rc8 27. h4 Qxa2 28. Bg4 Rc7 29. h5 Bc8 30. Qf3 Bxg4 31. Qxg4 Qe6 32. Qg7 b3 33.
Rb1 f5 34. exf5 Qxf5 35. Rxb3 Rc1+ 36. Kh2 Qxh5+ 37. Rh3 Qg6 38. Qh8 Qf6 39. Qb8 Qf4+ 40. Rg3 Qxf2 41. Qb7+ Ke6 42. Qb3+ Ke7 43. Qb7+ Ke6 44.
Qb3+ d5 45. Qb6+ Qxb6 0-1

[Event "*** Titled Tuesday Blitz"]
[Site "Chess.com"]
[Date "2020.03.03"]
[Round "1"]
[White "vovachesss"]
[Black "FearNoEvil12"]
[Result "1-0"]
[WhiteElo "2563"]
[BlackElo "1960"]
[TimeControl "180+1"]
[EndTime "9:07:34 PST"]
[Termination "vovachesss won on time"]

1. e4 a6 2. d4 b5 3. Nf3 Bb7 4.
Bd3 e6 5. Qe2 Nf6 6. O-O d6 7. c3 Nbd7 8. Bf4 h6 9. Bg3 g5 10.
e5 Nd5 11. exd6 cxd6 12. Re1 h5 13. h4 gxh4 14. Bg6 Be7 15. Qxe6 fxg6 16. Bxh4 Nf8 17. Qe4 Qd7 18. Nbd2 Rh7 19. c4 bxc4 20. Nxc4 O-O-O 21. Bg3 Kb8 22. Na5 Bf6 23. Rac1 Qb5 24. Rc5 Qb6 25. Nxb7 Rxb7 26. Qxd5 Ka7 27. Rc6 Qb5 28. Qxb5 Rxb5 29. Rxd6 Rxd6 30. Bxd6 Nd7 31. Re6 Rxb2 32. Bc5+ Kb7 33.
Rd6 Kc7 34. Rxa6 Nxc5 35. dxc5 Rb1+ 36. Kh2 Be7 37. Rxg6 Bxc5 38. Kg3 Bd6+ 39. Kh4 Rb2 40. Kxh5 Rxf2 41. Nd4 1-0

[Event "*** Titled Tuesday Blitz"]
[Site "Chess.com"]
[Date "2020.03.03"]
[Round "1"]
[White "MishkaFighter"]
[Black "gmcorrales"]
[Result "1-0"]
[WhiteElo "2469"]
[BlackElo "2780"]
[TimeControl "180+1"]
[EndTime "9:07:35 PST"]
[Termination "MishkaFighter won on time"]

1. d4 Nf6 2. c4 e6 3. g3 c5 4. Nf3 cxd4 5. Nxd4 Nc6 6. Bg2 Qb6 7. Nb3 Ne5 8. c5 Qa6 9. O-O d6 10. Bf4 Nc4 11.
cxd6 Bxd6 12. Bxd6 Qxd6 13. Qc2 Ne5 14. Rd1 Qb6 15. Qc5 Qxc5 16. Nxc5 Rb8 17. Nc3 Ke7 18. Nb5 b6 19. Nb3 a6 20. N5d4 Bd7 21. f4 Nc4 22. Rac1 Rhc8 23. Bc6 b5 24. Bxd7 Nxd7 25. Rc2 Ndb6 26.
Rdc1 Na4 27. Na5 Kf6 28. b3 Rd8 29. Nac6 Ne3 30. Nxd8 Nxc2 31. Nxc2 Nc3 32. Nc6 Rc8 33.
N6d4 Nxa2 34. Ra1 Nc3 35. Rxa6 Nxe2+ 36. Nxe2 Rxc2 37. Nd4 Rb2 38. Rb6 Rd2 39. Nxb5 Kf5 40. Rd6 Kg4 41. Rxd2 Kf3 42. Rd7 1-0

[Event "*** Titled Tuesday Blitz"]
[Site "Chess.com"]
[Date "2020.03.03"]
[Round "1"]
[White "David_Paravyan"]
[Black "Misha_Bilous"]
[Result "1-0"]
[WhiteElo "2829"]
[BlackElo "2460"]
[TimeControl "180+1"]
[EndTime "9:07:36 PST"]
[Termination "David_Paravyan won on time"]

1. d4 Nf6 2. c4 e6 3. g3 d5 4. Bg2 Bb4+ 5. Bd2 Be7 6. Nf3 O-O 7. O-O c6 8. Qb3 Nbd7 9. Bb4 c5 10. dxc5 Nxc5 11.
Qa3 b6 12. Ne5 Bb7 13. Nd3 Qc7 14. Nc3 a6 15. cxd5 Nxd5 16. Nxd5 Bxd5 17. Bxd5 exd5 18. Rac1 Rfc8 19. Nf4 Qe5 20. Rfd1 a5 21. Bc3 Qb8 22. Nxd5 Bf8 23. Bd4 Rd8 24. Qf3 Ra7 25. Nf6+ Kh8 26. Qf5 g6 27. Nd5+ Bg7 28. Bxg7+ Kxg7 29. Qf6+ Kg8 30. Ne7+ Kf8 31. Rxd8+ Qxd8 32. Nxg6+ Ke8 33. Qh8+ 1-0

[Event "*** Titled Tuesday Blitz"]
[Site "Chess.com"]
[Date "2020.03.03"]
[Round "1"]
[White "Off-War"]
[Black "RojonR"]
[Result "1-0"]
[WhiteElo "2743"]
[BlackElo "2388"]
[TimeControl "180+1"]
[EndTime "9:07:36 PST"]
[Termination "Off-War won on time"]

1. d4 Nf6 2. c4 e5 3. dxe5 Ng4 4. Bf4 Bb4+ 5. Nd2 d6 6. exd6 Qf6 7. e3 Qxb2 8. Nf3 Nc6 9. Be2 O-O 10. dxc7 Nge5 11. O-O Nxf3+ 12. Nxf3 Be6 13. Nd4 Bc3 14. Rb1 Qxa2 15.
Nxc6 bxc6 16. Rb8 Bf6 17. Qd6 Rc8 18. Qxc6 Raxb8 19. cxb8=Q Rxb8 20. Bxb8 g6 21. c5 Qxe2 22. Bd6 Kg7 23. Qa8 Kh6 24. Bf8+ Bg7 25. Bxg7+ Kxg7 26. Qxa7 Bc4 27. Qa1+ Kh6 28. Re1 Qd2 29. h3 Qd5 30. Qd4 Qe6 31. Rc1 Bd5 32. Qf4+ Kg7 33.
Qd4+ Kh6 34. Rd1 Bc6 35. Qf4+ Kg7 36. Qd6 Qe4 37. Qg3 h5 38. h4 Qf5 39. Kh2 Qxc5 40. Qf4 Qe7 41. f3 Kh7 42. e4 Bd7 43. Rd6 Be6 44. Rc6 Qe8 45. Rc7 Kg8 46. Kg3 1-0

[Event "*** Titled Tuesday Blitz"]
[Site "Chess.com"]
[Date "2020.03.03"]
[Round "1"]
[White "FelixJoseYnojosa"]
[Black "WeAintSurePal"]
[Result "1-0"]
[WhiteElo "2696"]
[BlackElo "2324"]
[TimeControl "180+1"]
[EndTime "9:07:37 PST"]
[Termination "FelixJoseYnojosa won by resignation"]

1. e4 c6 2. c4 d5 3. cxd5 cxd5 4. exd5 Nf6 5. Bb5+ Bd7 6. Bc4 g6 7. Nc3 Bg7 8. Nf3 O-O 9. h3 a6 10. a4 Qc7 11. d3 Rd8 12. O-O Be8 13. Re1 Kf8 14.
Bg5 Nbd7 15. Qe2 Nb6 16. a5 Nc8 17. Ne5 Nd6 18. Qd2 Rac8 19. Re2 Nb5 20. Ng4 Nd4 21. Ree1 Bd7 22. Nxf6 Bxf6 23. Bxf6 exf6 24. Ne4 Kg7 25. Qc3 Qe5 26. f4 Nf3+ 27. gxf3 Qxf4 28. Kg2 Re8 29.
Nf2 Qg5+ 30. Kh2 Qf4+ 31. Kg2 Qg5+ 32. Ng4 h5 33. Qxf6+ Qxf6 34. Nxf6 Kxf6 35. h4 Bf5 36. Kg3 Bd7 37. Kf4 Bf5 38. Rxe8 Rxe8 39. Ra3 Re2 40. Rb3 Rh2 41. Rb6+ Kg7 42. Rxb7 Rxh4+ 43. Ke5 Rh3 44. d6 Rxf3 45. Rxf7+ Kh6 46. d7 Re3+ 47. Kd4 Rxd3+ 48. Bxd3 Bxd7 49. Rxd7 1-0

[Event "*** Titled Tuesday Blitz"]
[Site "Chess.com"]
[Date "2020.03.03"]
[Round "1"]
[White "Reshetkov"]
[Black "annacramling"]
[Result "1-0"]
[WhiteElo "2563"]
[BlackElo "1916"]
[TimeControl "180+1"]
[EndTime "9:07:38 PST"]
[Termination "Reshetkov won by resignation"]

1. d4 Nf6 2. c4 e6 3. Nc3 Bb4 4. e3 b6 5. Ne2 c5 6. a3 Ba5 7.
Rb1 Na6 8. Qa4 Bxc3+ 9. Nxc3 Bb7 10. Nb5 O-O 11. Nd6 Qc7 12. Nxb7 Qxb7 13. f3 Nc7 14.
Be2 d5 15. dxc5 bxc5 16. O-O Rab8 17. b4 Qb6 18. Bd2 d4 19. exd4 cxd4 20. c5 Qb7 21. Bd3 e5 22. Rfe1 Qd5 23. Qb3 Rfe8 24. Bc4 Qd7 25. c6 Qe7 26. b5 Na8 27. Bb4 Qc7 28. a4 Nb6 29. Bd3 Nbd5 30. Bd2 h6 31. Qc2 Nf4 32. Bc4 Red8 33. Qf5 Re8 34. g3 Ne6 35. Qxe5 Qxe5 36. Rxe5 Nc7 37. Rbe1 Rxe5 38. Rxe5 Re8 39. Rxe8+ Nfxe8 40. Bf4 Ne6 41. Bxe6 fxe6 42. c7 Nxc7 43. Bxc7 Kf7 44. Ba5 Kf6 45. Kf2 e5 46. Ke2 Ke6 47. Kd3 Kd5 48. Bb4 g6 49. g4 h5 50. gxh5 gxh5 51. a5 h4 52. h3 Ke6 53. Ke4 Kf6 54.
b6 axb6 55. axb6 1-0

[Event "*** Titled Tuesday Blitz"]
[Site "Chess.com"]
[Date "2020.03.03"]
[Round "1"]
[White "IsaiahMcIntosh"]
[Black "Abund"]
[Result "0-1"]
[WhiteElo "2362"]
[BlackElo "2718"]
[TimeControl "180+1"]
[EndTime "9:07:41 PST"]
[Termination "Abund won by resignation"]

1. e4 c5 2. Nf3 Nc6 3. d4 cxd4 4. Nxd4 Nf6 5. Nc3 e5 6. Ndb5 d6 7. Nd5 Nxd5 8. exd5 Nb8 9. c4 Be7 10. Be3 O-O 11. Be2 a6 12. Nc3 f5 13. O-O Nd7 14.
f3 Bg5 15. Bf2 Rf6 16. h4 Bh6 17. g4 fxg4 18. Ne4 Rxf3 19. Bxf3 gxf3 20. Qxf3 Nf6 21. Ng5 Bg4 22. Qg3 Qd7 23. Be3 b5 24. Rxf6 gxf6 25. Ne4 Bxe3+ 26. Qxe3 Qg7 27. Kh2 Rd8 28. Rf1 f5 29.
Qb6 Rf8 30. Ng5 f4 31. Qxd6 h6 32. Ne4 f3 33. Nf2 Rf4 34. Rg1 h5 35. Qd8+ Kh7 36. Qg5 Qxg5 37. hxg5 e4 38. Kg3 Rf5 39. Nxe4 Kg6 40. d6 Rf7 41. Nf6 bxc4 42. d7 Rf8 43. Ne8 Bxd7 44. Nd6 Bg4 45. Rf1 Kxg5 46. Ne4+ Kg6 47.
Nf2 Rb8 48. Nxg4 hxg4 49. Rf2 Rb4 50. Kxg4 c3+ 51. Kxf3 cxb2 52. Rg2+ Kf6 0-1

[Event "*** Titled Tuesday Blitz"]
[Site "Chess.com"]
[Date "2020.03.03"]
[Round "1"]
[White "kleinebeer98"]
[Black "JussupowFan"]
[Result "1-0"]
[WhiteElo "2709"]
[BlackElo "2341"]
[TimeControl "180+1"]
[EndTime "9:07:41 PST"]
[Termination "kleinebeer98 won by resignation"]

1. e4 c5 2. b4 cxb4 3. a3 d5 4. exd5 Qxd5 5. Nf3 Bg4 6. axb4 Qe4+ 7. Qe2 Bxf3 8. gxf3 Qxe2+ 9. Bxe2 e5 10. b5 Nf6 11.
Nc3 Nbd7 12. Ne4 Be7 13. Bb2 O-O 14. Rg1 Nd5 15. d4 exd4 16. Bxd4 N7f6 17. Bc4 g6 18. Bb3 Rfd8 19. Kf1 b6 20. Bb2 Nxe4 21. fxe4 Nf4 22.
Rg4 Ne6 23. Bd5 Rac8 24. c4 Rc7 25. Ke2 Bc5 26. Rd1 Re8 27. Kf3 Ng7 28. h4 Ne6 29. h5 Bf8 30. hxg6 hxg6 31. Be5 Rcc8 32. Rh1 Bg7 33. Bg3 Nd4+ 34. Kg2 Ne6 35. Rgh4 Kf8 36. Bd6+ Kg8 37. f4 Rcd8 38. e5 g5 39. fxg5 Nxg5 40. Rg4 Ne6 41. Kf3 Rxd6 42. exd6 Rd8 43. Bxe6 fxe6 44.
Rhg1 Rd7 45. Rxg7+ Rxg7 46. Rxg7+ Kxg7 47. d7 1-0

[Event "*** Titled Tuesday Blitz"]
[Site "Chess.com"]
[Date "2020.03.03"]
[Round "1"]
[White "MITerryble"]
[Black "praveenb2002"]
[Result "1-0"]
[WhiteElo "2937"]
[BlackElo "2520"]
[TimeControl "180+1"]
[EndTime "9:07:42 PST"]
[Termination "MITerryble won by resignation"]

1. d4 Nf6 2. Bg5 d5 3. Bxf6 gxf6 4. e3 c5 5. c3 e6 6. Nd2 Nc6 7.
Ngf3 f5 8. Bb5 Bd7 9. Bxc6 Bxc6 10. Ne5 h5 11. h4 Bd6 12. Ndf3 Bb5 13. Qb3 Qb6 14. Ng5 Bxe5 15. dxe5 Qa6 16. f4 Ke7 17. Kf2 Rac8 18. a4 Bc4 19. Qa3 Bd3 20. Rhd1 Be4 21.
Rd2 Qc6 22. Rad1 a5 23. c4 Rhd8 24. Nxe4 fxe4 25. Qc3 Qxa4 26. cxd5 exd5 27. Rxd5 Qxd1 28. Rxd1 Rxd1 29. Qxa5 Kf8 30. Qb6 Rcd8 31. Qxc5+ Kg8 32. Qe7 R8d2+ 33. Kg3 Rg1 34. Qg5+ Kf8 35. Kh2 Rb1 36. Qh6+ Ke8 37. Qh8+ Kd7 38. Qxh5 Rbxb2 39. Qxf7+ Kc8 40. e6 Rxg2+ 41. Kh3 Rh2+ 42. Kg4 Rbg2+ 43. Kf5 Rxh4 44. Qf8+ Kc7 45. Qe7+ 1-0

[Event "*** Titled Tuesday Blitz"]
[Site "Chess.com"]
[Date "2020.03.03"]
[Round "1"]
[White "Sunnika"]
[Black "bascheyaro"]
[Result "0-1"]
[WhiteElo "2398"]
[BlackElo "2759"]
[TimeControl "180+1"]
[EndTime "9:07:42 PST"]
[Termination "bascheyaro won on time"]

1. d4 d5 2. Bf4 Bf5 3. e3 e6 4. Nf3 Nf6 5. Bd3 Bg6 6. Ne5 Nbd7 7. Nxg6 hxg6 8. h3 Bd6 9. Bxd6 cxd6 10. c4 dxc4 11. Bxc4 a6 12. O-O Rc8 13. Be2 Qb6 14. Nd2 d5 15. Rb1 O-O 16. Nf3 Rc6 17. Bd3 Rfc8 18.
Qe2 Qa5 19. a3 b5 20. Qd2 Qc7 21. g3 Ne4 22. Qe2 f5 23. Kg2 e5 24. dxe5 Nxe5 25. Nd4 Rf6 26. Bc2 Nc6 27. Bb3 Nxd4 28. exd4 Qd6 29.
Rbc1 Rff8 30. Rxc8 Rxc8 31. Qe3 Kh7 32. Rc1 Re8 33.
Qf4 Qxf4 34. gxf4 Nf6 35. Rc6 Re4 36. Rxa6 Rxf4 37. Rb6 Rxd4 38. Rxb5 Rd2 39. a4 Rxb2 40. a5 Rb1 41. a6 Ra1 42. Rb6 d4 43. Rd6 Ne4 44.
Rxd4 Rxa6 45. Bc2 Nf6 46. Rc4 Rd6 47. Rc8 Rd2 48. Rc4 Kh6 49. Kf3 Nd5 50. Rh4+ Kg5 51. Rc4 Nf6 52. Kg2 Rd7 53. Kf3 Ra7 54. Kg2 Ra3 55.
Kh2 Nh5 56. h4+ Kh6 57. Kg2 Kh7 0-1

[Event "*** Titled Tuesday Blitz"]
[Site "Chess.com"]
[Date "2020.03.03"]
[Round "1"]
[White "VerdeNotte"]
[Black "MergenKakabaev"]
[Result "0-1"]
[WhiteElo "2789"]
[BlackElo "2463"]
[TimeControl "180+1"]
[EndTime "9:07:45 PST"]
[Termination "MergenKakabaev won by resignation"]

1. e4 e5 2. Nf3 Nc6 3. Bc4 Nf6 4.
d3 Bc5 5. Nc3 h6 6. h3 d6 7. Na4 Bb6 8. c3 O-O 9. Bb3 Be6 10. Bc2 d5 11. Qe2 dxe4 12. dxe4 Qe7 13. g4 Nd7 14. g5 h5 15. Nxb6 axb6 16. Be3 g6 17. Nd2 Rxa2 18. Rxa2 Bxa2 19. b3 Ra8 20. O-O Qa3 21. Nc4 Qa6 22. Ra1 b5 23. Nb2 b4 24. c4 Qa3 25. Nd3 Nd4 26. Bxd4 exd4 27. Bd1 Qa5 28. e5 Ra6 29. f4 Nc5 30. Nc1 Qa3 31.
h4 d3 32. Qe3 Qb2 33. Rxa2 Rxa2 34. Nxa2 Qxa2 35. Qxc5 Qb1 36. e6 Qxd1+ 37. Kf2 Qe2+ 38. Kg3 Qxe6 39. Qxc7 Qe3+ 40. Kg2 d2 41. Qd8+ Kh7 42. Qd7 Qe2+ 43. Kg3 Qg4+ 44. Qxg4 hxg4 0-1

[Event "*** Titled Tuesday Blitz"]
[Site "Chess.com"]
[Date "2020.03.03"]
[Round "1"]
[White "artooon"]
[Black "Turkey-Champion"]
[Result "1-0"]
[WhiteElo "2766"]
[BlackElo "2397"]
[TimeControl "180+1"]
[EndTime "9:07:45 PST"]
[Termination "artooon won by checkmate"]

1. e4 c5 2. Nf3 e6 3. d4 cxd4 4. Nxd4 Nf6 5. Nc3 Nc6 6. Nxc6 bxc6 7. e5 Nd5 8. Ne4 Qc7 9. f4 Qa5+ 10. Bd2 Qb6 11.
c4 Qd4 12. Qc2 Nb4 13. Qb1 f5 14. exf6 d5 15. cxd5 exd5 16. f7+ Kxf7 17. Ng5+ Kg8 18. Be2 Bc5 19. Rf1 Bd7 20. a3 Re8 21. axb4 Bxb4 22.
Qd1 Bg4 23. Nf3 Bxf3 24. Rxf3 Bc5 25. Bc3 Qe4 26. Qd3 Qe7 27. Kd2 d4 28. Qc4+ Kf8 29. Ba5 g6 30. b4 Bd6 31. f5 g5 32. f6 Bf4+ 33. Kd1 Qxf6 34. Bc7 d3 35. Bxf4 dxe2+ 36. Kc2 Kg7 37. Be3 Qg6+ 38. Kb3 Rhf8 39. Rxa7+ Kh8 40.
Bd4+ Rf6 41. Bxf6+ Qxf6 42. Rxf6 e1=Q 43. Rxh7+ Kxh7 44.
Qf7+ Kh8 45. Rh6# 1-0

[Event "*** Titled Tuesday Blitz"]
[Site "Chess.com"]
[Date "2020.03.03"]
[Round "1"]
[White "GMSrinath"]
[Black "IMRosen"]
[Result "1-0"]
[WhiteElo "2887"]
[BlackElo "2508"]
[TimeControl "180+1"]
[EndTime "9:07:48 PST"]
[Termination "GMSrinath won on time"]

1. e4 c5 2. Nf3 e6 3. d4 cxd4 4.
Nxd4 Nc6 5. Nc3 Qc7 6. Be2 a6 7. O-O Nf6 8. Be3 Bb4 9. Na4 O-O 10.
c4 Be7 11. c5 Nxe4 12. Rc1 Rb8 13. Bf3 Ng5 14. g3 Nxf3+ 15. Nxf3 Rd8 16. Qe2 Bf6 17.
Rfd1 d5 18. cxd6 Rxd6 19. Bc5 Rxd1+ 20. Rxd1 Qa5 21. Qe4 h6 22. Bb6 Qh5 23. Bc7 e5 24.
Bxb8 Bg4 25. Rd3 Nxb8 26. Qxb7 Nd7 27. h3 Qxh3 28. Nh2 Bf5 29. Rd2 Nf8 30. Qg2 Qh5 31. Qf3 Qg6 32. Nc5 h5 33. Nf1 Bg5 34. Ne3 Bg4 35.
Qe4 Ne6 36. Qxg6 fxg6 37. Nxe6 Bxe6 38. Rd6 Bxa2 39. Rxa6 Bf7 40. b4 e4 41. b5 Be7 42.
b6 Kh7 43. b7 Bd6 44. Rxd6 1-0

[Event "*** Titled Tuesday Blitz"]
[Site "Chess.com"]
[Date "2020.03.03"]
[Round "1"]
[White "MartinMatthiesen"]
[Black "Indianlad"]
[Result "0-1"]
[WhiteElo "2523"]
[BlackElo "2954"]
[TimeControl "180+1"]
[EndTime "9:07:51 PST"]
[Termination "Indianlad won on time"]

1. d4 Nf6 2. c4 g6 3. Nc3 Bg7 4. e4 O-O 5. Nf3 d6 6. Be2 c5 7. O-O Bg4 8. d5 Nfd7 9. h3 Bxf3 10. Bxf3 Na6 11. Bd2 Nc7 12. Be2 a6 13. a4 Rb8 14.
Qc2 Bd4 15. Kh1 e5 16. a5 b6 17. axb6 Rxb6 18. b3 Qh4 19. Be1 Qe7 20. Rb1 Rfb8 21. Na4 R6b7 22. Bd2 Ne8 23. g3 Nb6 24. Nxb6 Rxb6 25.
Kg2 Qb7 26. Bd1 Qe7 27. Ba5 R6b7 28. Bd2 h5 29. h4 Nf6 30. Bg5 Kg7 31. Be2 Rb6 32.
Qd3 Qb7 33. Bd1 a5 34. Rc1 Nh7 35. Bd2 Ra8 36. Bc2 Nf6 37. f3 Nh7 38. Rce1 Nf6 39. Rd1 Qa6 40. Rde1 Rab8 41. Rd1 Nd7 42. Rde1 R6b7 43.
Rd1 a4 44. bxa4 Nb6 45. Bb3 Nxa4 46. Bxa4 Qxa4 47. Rc1 Rb2 48. Kh1 R8b3 49. Qe2 Qa2 50. Rfd1 Rc2 51. Rxc2 Qxc2 52. Rc1 Qd3 53. Qd1 Kh7 0-1

[Event "*** Titled Tuesday Blitz"]
[Site "Chess.com"]
[Date "2020.03.03"]
[Round "1"]
[White "Fighterman91"]
[Black "livestrong04"]
[Result "1-0"]
[WhiteElo "2762"]
[BlackElo "2399"]
[TimeControl "180+1"]
[EndTime "9:07:52 PST"]
[Termination "Fighterman91 won on time"]

1. e4 c5 2. Nf3 e6 3. b3 Nc6 4.
Bb2 d6 5. c4 e5 6. Nc3 g6 7. h4 h5 8. Be2 Bg7 9. d3 Nge7 10. Ng5 Nd4 11. Nd5 f6 12. Nf3 Nxd5 13. cxd5 Bh6 14. Nxd4 Qa5+ 15. Kf1 cxd4 16. Bc1 Bxc1 17.
Qxc1 Bd7 18. Qe1 Qa3 19. Qc1 Qa5 20. Qe1 Qa3 21. f4 exf4 22. Qd2 g5 23. Kf2 O-O-O 24. Rac1+ Kb8 25. Rc4 Bb5 26. Qb4 Qxb4 27. Rxb4 Bd7 28.
hxg5 Rc8 29. Rxh5 Rxh5 30. Bxh5 Rc2+ 31. Kg1 fxg5 32. Rxd4 Rxa2 33. Rc4 g4 34. Rc1 g3 35.
Bf3 Rb2 36. d4 Rxb3 37. e5 a5 38. e6 Be8 39. Re1 a4 40. Bd1 Rb4 41. Bc2 a3 42.
Ra1 1-0

[Event "*** Titled Tuesday Blitz"]
[Site "Chess.com"]
[Date "2020.03.03"]
[Round "1"]
[White "moro182"]
[Black "Resignify"]
[Result "1-0"]
[WhiteElo "2650"]
[BlackElo "2254"]
[TimeControl "180+1"]
[EndTime "9:07:52 PST"]
[Termination "moro182 won on time"]

1. d4 Nf6 2. c4 e6 3. Nc3 Bb4 4. Nf3 Bxc3+ 5. bxc3 c5 6. g3 O-O 7. Bg2 d6 8. O-O h6 9. Rb1 Nc6 10. Bf4 Re8 11. Qc2 e5 12. dxe5 dxe5 13. Rfd1 Qe7 14.
Be3 g6 15. Qb3 Bf5 16. Rb2 Rab8 17. Bxh6 Be6 18. Nd2 Qc7 19. Qb5 Na5 20. Qa4 Red8 21. Bg5 Nh7 22. Bxd8 Rxd8 23. Rbb1 b6 24. Ne4 Bd7 25.
Qc2 Re8 26. h4 Bf5 27. Qd3 Kg7 28. h5 Be6 29. hxg6 fxg6 30. Nd6 Rd8 31. Nf5+ gxf5 32. Qxd8 Qxd8 33. Rxd8 Nxc4 34. Bd5 Bxd5 35. Rxd5 Nf6 36. Rd8 a5 37. f3 e4 38. Kf2 e3+ 39. Kg2 Kf7 40. Rh1 a4 41. Ra8 a3 42. Rb1 Nd5 43.
Rb3 Ke6 44. Ra4 Nb2 45. Raxa3 Nd1 46. c4 Nb4 47. Rxe3+ Nxe3+ 48. Rxe3+ Kd6 49. a3 Nc2 50. Rc3 1-0

[Event "*** Titled Tuesday Blitz"]
[Site "Chess.com"]
[Date "2020.03.03"]
[Round "1"]
[White "Vugar_Manafov"]
[Black "GM-2023"]
[Result "1-0"]
[WhiteElo "2577"]
[BlackElo "2045"]
[TimeControl "180+1"]
[EndTime "9:07:52 PST"]
[Termination "Vugar_Manafov won on time"]

1. Nf3 Nf6 2. g3 d5 3. Bg2 g6 4.
O-O Bg7 5. d3 O-O 6. Nc3 c5 7.
e4 Nc6 8. Re1 e6 9. h3 h6 10.
Kh2 a6 11. a4 Qc7 12. Bf4 e5 13. Bd2 d4 14. Nd5 Qd6 15. c4 dxc3 16. bxc3 Rb8 17. c4 b5 18. axb5 axb5 19. Be3 bxc4 20.
Nxf6+ Qxf6 21. dxc4 Nd4 22. Bxd4 cxd4 23. Qd3 Rb2 24.
Re2 Qb6 25. Rxb2 Qxb2 26. Rf1 Ba6 27. Nd2 Rc8 28. Rb1 Qc3 29. Bf1 Bf8 30. Rb3 Qc1 31.
h4 Qe1 32. Kg2 Qc1 33. Rb6 Qa1 34. h5 Bg7 35. hxg6 fxg6 36. Rxg6 Kh7 37. Re6 Qa2 38. Rb6 Rf8 39. Nf3 1-0

[Event "*** Titled Tuesday Blitz"]
[Site "Chess.com"]
[Date "2020.03.03"]
[Round "1"]
[White "Berardino"]
[Black "politeplayer"]
[Result "1-0"]
[WhiteElo "2641"]
[BlackElo "2250"]
[TimeControl "180+1"]
[EndTime "9:07:53 PST"]
[Termination "Berardino won on time"]

1. e4 c5 2. Nc3 e6 3. Nge2 a6 4. d4 cxd4 5. Nxd4 Nc6 6. Nxc6 bxc6 7. Bd3 d5 8. O-O Nf6 9. Qe2 Be7 10. b3 O-O 11.
Bb2 Qc7 12. Na4 Nxe4 13. Bxe4 dxe4 14. Qxe4 Bb7 15. Qg4 e5 16. f4 f6 17. fxe5 fxe5 18.
Qe6+ Kh8 19. Bxe5 Qd8 20. Rad1 Rxf1+ 21. Rxf1 Qe8 22. Bxg7+ Kxg7 23. Qe5+ Kg8 24. Rf3 Bh4 25. Qf4 Qe1+ 26. Rf1 Re8 27. g3 Qe3+ 28. Qxe3 Rxe3 29.
gxh4 c5 30. Nxc5 Bc6 31. Nd3 Re2 32. Rf2 Re3 33. a4 h5 34. Kf1 Bd5 35. Nf4 Be4 36. Nxh5 Bf3 37. Ng3 Bg4 38. Kg2 Be6 39. Nf5 Bd5+ 40.
Kf1 Rf3 41. Ne7+ 1-0

[Event "*** Titled Tuesday Blitz"]
[Site "Chess.com"]
[Date "2020.03.03"]
[Round "1"]
[White "Keranke"]
[Black "FedaMaster"]
[Result "1-0"]
[WhiteElo "2792"]
[BlackElo "2433"]
[TimeControl "180+1"]
[EndTime "9:07:57 PST"]
[Termination "Keranke won by resignation"]

1. Nf3 c5 2. g3 Nc6 3. Bg2 e5 4. d3 g6 5. O-O Bg7 6. c4 Nge7 7.
Nc3 d6 8. a3 O-O 9. Rb1 a5 10.
Ne1 Be6 11. Nc2 d5 12. cxd5 Nxd5 13. Ne3 Nc7 14. Bd2 Qd7 15. Ne4 b6 16. Ng5 Ba2 17.
Ra1 Bd5 18. Nxd5 Nxd5 19. Qa4 Rad8 20. e3 h6 21. Ne4 Kh7 22. Rfc1 f5 23. Nxc5 bxc5 24.
Rxc5 Nce7 25. Qxa5 Nf6 26. Rc7 Qe6 27. Bb4 Rd7 28.
Rxd7 Qxd7 29. Rc1 Rc8 30. Rxc8 Nxc8 31. Qxe5 Qxd3 32. Qc7 Qd7 33. Qxd7 Nxd7 34. b3 Bf8 35.
Bxf8 Nxf8 36. a4 Kg7 37. Bb7 Nd6 38. Bd5 Kf6 39. f4 Ke7 40. a5 Nb5 41. b4 Nc7 42. Bc4 Nd7 43. b5 Ne6 44. b6 Nec5 45. Bd5 Kd6 46. Bf7 g5 47. Bg6 Ke6 48. Be8 Nb8 49. Bb5 Nbd7 50. fxg5 hxg5 51. h4 g4 52. Kg2 Nb3 53.
Bc4+ Kd6 54. Bxb3 Kc6 55. Ba4+ Kb7 1-0

[Event "*** Titled Tuesday Blitz"]
[Site "Chess.com"]
[Date "2020.03.03"]
[Round "1"]
[White "sergoy"]
[Black "Grieve72"]
[Result "1-0"]
[WhiteElo "2783"]
[BlackElo "2424"]
[TimeControl "180+1"]
[EndTime "9:07:58 PST"]
[Termination "sergoy won by resignation"]

1. d4 f5 2. c4 Nf6 3. Nf3 d6 4. Nc3 g6 5. b4 Bg7 6. Bb2 O-O 7. e3 Qe8 8. d5 a5 9. a3 e5 10. dxe6 Bxe6 11. Nd4 Bf7 12. Be2 Nc6 13. Nxc6 Qxc6 14. b5 Qe8 15. O-O Ne4 16. Qc2 Nc5 17. Rad1 Rd8 18.
a4 b6 19. Rfe1 Be6 20. Ba3 Qf7 21. Nd5 Rfe8 22. Bf3 g5 23. g3 Kh8 24. Bg2 h5 25. h4 gxh4 26. gxh4 Bxd5 27. Rxd5 Re5 28. Red1 Qe7 29. Bb2 Rxd5 30. Rxd5 Qxh4 31. Bxg7+ Kxg7 32. Rxf5 Rg8 33. Qc3+ Kh7 34. Rf7+ Kh6 35. Kf1 Qg5 36. Bd5 Qg1+ 37. Ke2 Qg4+ 38. Bf3 Qg5 39. Qd4 Qg6 40. Rf6 Ne6 41. Rxg6+ Rxg6 42. Qh8+ Kg5 43. Qxh5+ Kf6 44. Be4 Rg5 45. Qh6+ Ke7 46. Bd5 Re5 47. Bxe6 Rxe6 48.
Qg7+ Kd8 49. f4 Re7 50. Qg8+ Kd7 51. f5 Re5 52. f6 1-0

[Event "*** Titled Tuesday Blitz"]
[Site "Chess.com"]
[Date "2020.03.03"]
[Round "1"]
[White "Vaathi_Coming"]
[Black "IMDT02"]
[Result "1-0"]
[WhiteElo "2836"]
[BlackElo "2466"]
[TimeControl "180+1"]
[EndTime "9:07:59 PST"]
[Termination "Vaathi_Coming won on time"]

1. Nf3 Nf6 2. g3 e6 3. Bg2 d5 4. d4 Be7 5. O-O O-O 6. c4 dxc4 7. Qa4 a6 8. Qxc4 b5 9. Qc2 Bb7 10. Rd1 Nbd7 11. Bf4 Rc8 12. Nc3 c5 13. dxc5 Bxc5 14.
Qb3 Qb6 15. e3 Rfd8 16. a4 h6 17. axb5 axb5 18. Qxb5 Qxb5 19. Nxb5 Bxf3 20. Bxf3 e5 21. b4 Bb6 22. Nd6 Rb8 23. Rdc1 g5 24. Rc4 exf4 25.
gxf4 gxf4 26. exf4 Kf8 27. Ra2 h5 28. h3 Kg7 29.
Kg2 Nf8 30. Nf5+ Kh7 31. Ra6 Ne6 32. Rc6 Bd4 33. Nxd4 Rxd4 34. f5 Nf4+ 35. Kh2 N6d5 36. Ra7 Kg7 37. Rd6 Rbxb4 38. Rdd7 Rb2 39. Rxf7+ Kg8 40. Rfd7 Rxf2+ 41. Kg3 Rxf3+ 42. Kxf3 Rd3+ 43. Kf2 Rd2+ 44. Kg3 Rd3+ 45. Kh4 Rxh3+ 46. Kg5 Rg3+ 47. Kh6 1-0